 Dungeon Crawl Stone Soup version 0.30-a0-743-gbfdf073431 (webtiles) character file.

Game seed: 10312014588967315270

28744 greasedhog the Carver (level 13, -4/112 HPs)
             Began as a Merfolk Fighter on Feb 5, 2023.
             Was a High Priest of Okawaru.
             Slain by a torpor snail (6 damage)
             ... while petrified
             ... on level 3 of the Lair of Beasts.
             The game lasted 00:22:32 (15966 turns).

greasedhog the Carver (Merfolk Fighter)            Turns: 15966, Time: 00:22:32

Health: -4/112     AC: 14    Str: 14    XL:     13   Next: 40%
Magic:  19/21      EV:  2    Int:  5    God:    Okawaru [*****.]
Gold:   821        SH:  0    Dex: 19    Spells: 12/12 levels left

rFire   + . .      SeeInvis +    k - +7 short sword "Beastslayer" {drain, rN+ Will+++ rCorr Int-2}
rCold   . . .      Faith    .    u - +1 kite shield {reflect}
rNeg    + + +      Spirit   .    M - +1 scale mail "Dyirouz" {rPois Will+++ Str-2 SInv}
rPois   ∞          Reflect  +    F - +2 hat
rElec   .          Harm     .    C - +2 cloak
rCorr   +          Rampage  .    m - +0 pair of gloves
Will    +++++                    i - +0 pair of boots Stlth
                                 (no amulet)
HPRegen 0.38/turn                g - ring of protection from fire
MPRegen 0.17/turn                b - ring of positive energy

@: petrified, finesse-ful, slowed
A: (nimble swimmer 2), mertail
a: Renounce Religion, Heroism, Finesse, Duel


You were on level 3 of the Lair of Beasts.
You worshipped Okawaru.
Okawaru was extremely pleased with you.
You visited 3 branches of the dungeon, and saw 15 of its levels.

You collected 933 gold pieces.
You spent 112 gold pieces at shops.

Inventory:

Hand Weapons
 a - a +0 long sword
 k - the +7 short sword "Beastslayer" (weapon) {drain, rN+ Will+++ rCorr Int-2}
   (You found it on level 2 of the Dungeon)

   Int:       It affects your intelligence (-2).
   rN:        It protects you from negative energy.
   rCorr:     It protects you from acid and corrosion.
   Will:      It greatly increases your willpower.
 D - a +3 long sword of freezing
Missiles
 A - 5 curare-tipped darts (quivered)
Armour
 i - a +0 pair of boots (worn)
 m - a +0 pair of gloves (worn)
 u - a +1 kite shield of reflection (worn)
 C - a +2 cloak (worn)
 F - a +2 hat (worn)
 M - the +1 scale mail "Dyirouz" (worn) {rPois Will+++ Str-2 SInv}
   (Okawaru gifted it to you on level 10 of the Dungeon)

   Str:       It affects your strength (-2).
   rPois:     It protects you from poison.
   SInv:      It lets you see invisible.
   Will:      It greatly increases your willpower.
Jewellery
 b - a ring of positive energy (right hand)
 g - a ring of protection from fire (left hand)
 r - a ring of fire
Wands
 t - a wand of quicksilver (5)
 w - a wand of roots (19)
 N - a wand of flame (20)
Scrolls
 h - a scroll of enchant armour
 l - 3 scrolls of fog
 s - 8 scrolls of teleportation
 v - 5 scrolls of fear
 x - 2 scrolls of poison
 y - a scroll of torment
 z - 2 scrolls of blinking
 B - a scroll of enchant weapon {unknown}
 J - 2 scrolls of vulnerability {unknown}
 K - 2 scrolls of silence {unknown}
Potions
 c - a potion of flight {unknown}
 d - 3 potions of might
 e - 2 potions of haste
 f - 3 potions of magic {unknown}
 j - 3 potions of cancellation
 n - 3 potions of curing
 o - a potion of invisibility
 p - a potion of heal wounds {unknown}
 q - a potion of ambrosia {unknown}
 E - 2 potions of degeneration {unknown}
 G - 3 potions of brilliance {unknown}
 H - a potion of resistance {unknown}
 I - a potion of mutation
Miscellaneous
 L - a condenser vane


   Skills:
 * Level 13.8 Fighting
 - Level 14.0 Long Blades
 - Level 2.1 Armour
 + Level 13.5 Dodging
 * Level 4.9 Shields
 + Level 10.8 Invocations


You had 12 spell levels left.
You didn't know any spells.
Your spell library contained the following spells:

 Spells                   Type           Power      Damage    Failure   Level
 Kiss of Death            Conj/Necr      0%         2d5       100%        1
 Magic Dart               Conj           0%         1d3       100%        1
 Cigotuvi's Dreadful Rot  Necr/Pois/Air  0%         N/A       100%        2
 Ensorcelled Hibernation  Hex/Ice        0%         N/A       100%        2
 Lesser Beckoning         Tloc           0%         N/A       100%        2
 Passwall                 Tmut/Erth      0%         N/A       100%        2
 Poisonous Vapours        Pois/Air       0%         N/A       100%        2
 Scorch                   Fire           0%         2d5       100%        2
 Confusing Touch          Hex            0%         N/A       100%        3
 Gell's Gravitas          Tloc           0%         N/A       100%        3
 Mephitic Cloud           Conj/Pois/Air  0%         N/A       100%        3
 Swiftness                Air            0%         N/A       100%        3
 Teleport Other           Tloc           0%         N/A       100%        3
 Dispel Undead            Necr           0%         3d6       100%        4
 Flame Wave               Conj/Fire      0%         2d4       100%        4
 Alistair's Intoxication  Tmut/Pois      0%         N/A       100%        5
 Borgnjor's Vile Clutch   Necr/Erth      0%         N/A       100%        5
 Yara's Violent Unravell  Hex/Tmut       0%         3d3       100%        5
 Eringya's Noxious Bog    Tmut/Pois      0%         N/A       100%        6
 Enfeeble                 Hex            0%         N/A       100%        7
 Storm Form               Tmut/Air       0%         N/A       100%        7
 Maxwell's Capacitive Co  Air            0%         ∞         100%        8
 Call Imp                 Summ           Unusable   N/A       N/A         2
 Summon Lightning Spire   Summ/Air       Unusable   N/A       N/A         4
 Summon Cactus Giant      Summ           Unusable   N/A       N/A         6

Dungeon Overview and Level Annotations

Branches:
Dungeon (11/15)            Temple (1/1) D:4            Lair (3/5) D:11
 Shoals (0/4) Lair:2        Snake (0/4) Lair:2          Orc (0/2) D:10

Altars:
Ashenzari
Cheibriados
Dithmenos
Elyvilon
Fedhas
Gozag
Hepliaklqana
Kikubaaqudgha
Makhleb
Nemelex Xobeh
Okawaru
Qazlal
Ru
Sif Muna
Trog
Uskayaw
Vehumet
Wu Jian
Xom
Yredelemnul
Zin
The Shining One

Shops:
D:8 !?[

Annotations:
D:9 3 runed translucent doors, Esekla's ghost, novice OpDe


Innate Abilities, Weirdness & Mutations

((You are very nimble when in or above water. (Stealth+, EV+, Speed+++)))
Your lower body shifts to a powerful aquatic tail in water.


Message History

The blast of calcifying dust hits you but does no damage.
You puncture the catoblepas! You drain the catoblepas.
You kill the catoblepas!
Okawaru is honoured by your kill.
You are engulfed in calcifying dust.
You are slowing down.
You block the yak's attack. The yak gores you but does no damage.
The torpor snail bites you! You block the yak's attack. The yak gores you!
You block the torpor snail's attack.
The yak gores you but does no damage. x2
Your limbs are stiffening.
You puncture the torpor snail!
The torpor snail is lightly wounded.
You have turned to stone.
The yak gores you. x2
* * * LOW HITPOINT WARNING * * *
The torpor snail bites you!
* * * LOW HITPOINT WARNING * * *
The yak gores you.
* * * LOW HITPOINT WARNING * * *
The yak gores you but does no damage. The torpor snail bites you.
* * * LOW HITPOINT WARNING * * *
The yak gores you!
* * * LOW HITPOINT WARNING * * *
The yak gores you but does no damage. The yak gores you!
* * * LOW HITPOINT WARNING * * *
The yak gores you but does no damage. The torpor snail bites you!
* * * LOW HITPOINT WARNING * * *
The yak gores you.
* * * LOW HITPOINT WARNING * * *
The yak gores you!
* * * LOW HITPOINT WARNING * * *
The torpor snail bites you but does no damage.
The yak gores you.
* * * LOW HITPOINT WARNING * * *
The yak gores you but does no damage. The yak gores you.
* * * LOW HITPOINT WARNING * * *
The yak gores you but does no damage. The torpor snail bites you!
You die...

## ###### #..
########.#..####..##.
.#....................
#...................#
#..................#
.#.....$............#
#........wY.........#
#......Y@..........#
#......######......#
#......# ##......#
#?....... #.......##
#.......# ##.......#
P.......#
#........#####
##......#
#.......##.#.#
#.......
................
................


You could see a torpor snail and 2 yaks.

Vanquished Creatures
  A hydra (Lair:2)
  3 catoblepae
  A boulder beetle (D:11)
  The ghost of mandoloar the Summoner, a journeyman FeSu of Sif Muna (Lair:2)
  A wizard (D:10)
  An orc knight (D:10)
  A manticore (D:9)
  11 elephants
  2 black mambas
  6 cane toads
  5 komodo dragons
  3 polar bears
  12 blink frogs
  5 dream sheep (Lair:3)
  A snapping turtle (Lair:2)
  2 wraiths
  4 wyverns
  17 yaks
  A steam dragon (D:11)
  8 basilisks
  3 vampire mosquitoes (D:11)
  2 nagas (Lair:2)
  9 water moccasins
  Duvessa (D:5)
  A black bear (D:6)
  7 orc warriors
  A sky beast (D:6)
  An ice beast (D:6)
  13 wolves
  An ogre (D:4)
  9 centaurs
  A kobold brigand (D:10)
  12 bullfrogs
  A necrophage (D:7)
  2 scorpions
  11 wights
  Dowan (D:5)
  11 killer bees
  2 howler monkeys
  A crimson imp (D:10)
  15 orc priests
  3 hounds
  3 jellies
  2 gnoll boudas (D:7)
  16 orc wizards
  6 hell rats (Lair:2)
  9 adders
  10 gnolls
  4 shadow imps
  A white imp (D:6)
  3 ufetubi
  A worm (D:2)
  A dart slug (D:1)
  48 orcs
  3 ball pythons
  8 bats
  3 endoplasms
  6 giant cockroaches
  4 goblins
  4 hobgoblins
  7 jackals
  4 quokkas
  A frilled lizard (D:3)
  7 kobolds
  A rat (D:1)
346 creatures vanquished.

Vanquished Creatures (others)
  A bush (Lair:1)
  6 fungi
  42 plants
49 creatures vanquished.

Grand Total: 395 creatures vanquished

Notes
Turn   | Place    | Note
-------+----------+-------------------------------------------
     0 | D:1      | greasedhog the Merfolk Fighter began the quest for the Orb.
     0 | D:1      | Reached XP level 1. HP: 18/18 MP: 1/1
   129 | D:1      | Reached XP level 2. HP: 24/24 MP: 2/2
   134 | D:1      | Reached skill level 3 in Long Blades
   147 | D:1      | Reached skill level 1 in Dodging
   419 | D:1      | Reached XP level 3. HP: 29/29 MP: 3/3
   716 | D:2      | Identified the +7 short sword "Beastslayer" {drain, rN+
                  | Will+++ rCorr Int-2}
   814 | D:2      | Reached skill level 4 in Long Blades
   814 | D:2      | Reached XP level 4. HP: 37/37 MP: 4/4
  1564 | D:3      | Reached XP level 5. HP: 42/42 MP: 5/5
  1696 | D:3      | Found a snail-covered altar of Cheibriados.
  2020 | D:4      | Found a transporter.
  2099 | D:4      | Reached skill level 5 in Long Blades
  2333 | D:4      | Reached XP level 6. HP: 47/49 MP: 6/6
  2607 | D:4      | Found a transporter.
  2616 | D:4      | Found a staircase to the Ecumenical Temple.
  2635 | Temple   | Entered the Ecumenical Temple
  2982 | Temple   | Became a worshipper of Warmaster Okawaru
  3059 | D:4      | Reached skill level 6 in Long Blades
  3556 | D:5      | Entered Level 5 of the Dungeon
  3572 | D:5      | Reached skill level 5 in Fighting
  3572 | D:5      | Reached skill level 1 in Invocations
  3572 | D:5      | Reached XP level 7. HP: 51/56 MP: 7/7
  3641 | D:5      | Noticed Duvessa
  3642 | D:5      | Noticed Dowan
  3667 | D:5      | Killed Duvessa
  3668 | D:5      | Reached skill level 7 in Long Blades
  3675 | D:5      | Killed Dowan
  3675 | D:5      | Reached * piety under Okawaru
  4063 | D:5      | Reached skill level 5 in Dodging
  4385 | D:6      | Reached XP level 8. HP: 56/63 MP: 9/9
  4856 | D:6      | Reached skill level 8 in Long Blades
  5033 | D:6      | Reached ** piety under Okawaru
  5886 | D:7      | Reached skill level 9 in Long Blades
  5907 | D:7      | Reached XP level 9. HP: 25/71 MP: 10/12
  6593 | D:7      | Reached *** piety under Okawaru
  6791 | D:7      | Reached skill level 10 in Long Blades
  6832 | D:8      | Reached skill level 5 in Invocations
  7070 | D:8      | Found Enegacas's Armour Shoppe.
  7123 | D:8      | Found Wayxox's Distillery.
  7132 | D:8      | Bought a potion of mutation for 112 gold pieces
  7166 | D:8      | Found Torogu's Magic Scroll Shop.
  7421 | D:9      | Found an opulent altar of Gozag.
  7575 | D:9      | Reached **** piety under Okawaru
  7576 | D:9      | Reached skill level 11 in Long Blades
  7576 | D:9      | Reached XP level 10. HP: 67/80 MP: 14/14
  8255 | D:9      | Noticed a manticore
  8277 | D:9      | Killed a manticore
  8443 | D:9      | Found a runed translucent gate.
  8443 | D:9      | Noticed Esekla's ghost (novice OpDe)
  8444 | D:9      | Found a runed translucent gate.
  8445 | D:9      | Found a runed translucent gate.
  8645 | D:10     | Entered Level 10 of the Dungeon
  8697 | D:9      | Reached ***** piety under Okawaru
  8818 | D:10     | Reached skill level 12 in Long Blades
  9615 | D:10     | Noticed an orc knight
  9757 | D:10     | Killed an orc knight
  9891 | D:10     | Noticed a cyclops
 10035 | D:10     | Noticed a wizard
 10047 | D:10     | Killed a wizard
 10047 | D:10     | Identified the +1 scale mail "Dyirouz" {rPois Will+++ Str-2
                  | SInv} (Okawaru gifted it to you on level 10 of the Dungeon)
 10047 | D:10     | Received a gift from Okawaru
 10048 | D:10     | Reached XP level 11. HP: 87/87 MP: 16/16
 10132 | D:10     | Found a staircase to the Orcish Mines.
 10243 | D:11     | Noticed a boulder beetle
 10276 | D:11     | Reached skill level 13 in Long Blades
 10290 | D:11     | Reached skill level 10 in Dodging
 10310 | D:11     | Killed a boulder beetle
 10852 | D:11     | Found a bloodstained altar of Trog.
 11402 | D:11     | Found a staircase to the Lair.
 11434 | D:11     | Reached skill level 14 in Long Blades
 11799 | Lair:1   | Entered Level 1 of the Lair of Beasts
 12001 | D:11     | Reached skill level 10 in Fighting
 12395 | Lair:1   | Reached XP level 12. HP: 59/99 MP: 18/18
 12398 | Lair:1   | Received a gift from Okawaru
 12649 | Lair:1   | Noticed a catoblepas
 12697 | Lair:1   | Reached ****** piety under Okawaru
 12697 | Lair:1   | Received a gift from Okawaru
 12886 | Lair:1   | Killed a catoblepas
 13732 | Lair:2   | Noticed a catoblepas
 13769 | Lair:1   | Killed a catoblepas
 14139 | Lair:2   | Reached skill level 10 in Invocations
 14329 | Lair:2   | Found a runed translucent door.
 14339 | Lair:2   | Noticed mandoloar's ghost (journeyman FeSu)
 14376 | Lair:2   | Received a gift from Okawaru
 14456 | Lair:2   | Killed mandoloar's ghost
 14457 | Lair:2   | Reached XP level 13. HP: 27/111 MP: 20/20
 14780 | Lair:2   | Found a staircase to the Snake Pit.
 15084 | Lair:2   | Found a staircase to the Shoals.
 15666 | Lair:3   | Identified the +7 chain mail of the Ward {Rampage rElec
                  | Str+2 Slay+2}
 15964 | Lair:3   | HP: 5/112 [yak[a torpor snail] (5)]
 15965 | Lair:3   | HP: 2/112 [yak[a torpor snail] (3)]
 15966 | Lair:3   | Slain by a torpor snail

Illustrated notes

Levels and vault maps discovered:
D:1:      lightli_arrival_quake, layout_rooms, serial_rivers,
          chequers_serial_rivers_micro_b, chequers_serial_rivers_micro_e,
          chequers_serial_rivers_micro_c, chequers_serial_rivers_micro_d,
          chequers_serial_rivers_micro_c, minivault_4
D:2:      layout_basic
D:3:      layout_loops_ring, general_overflow_altar, minmay_misc_feat_tower,
          minmay_crystal_water
D:4:      gammafunk_wand_slinger, layout_cave_pods, minmay_temple_entry_slanted
D:5:      layout_rooms, serial_curves, eino_curves_04, eino_curves_01,
          uniq_duvessa
D:6:      layout_cave_pods, minmay_misc_feat_five
D:7:      layout_basic
D:8:      layout_rooms, serial_shops, nicolae_shop_statue_plus,
          nicolae_lakefront_shop, shop_statue
D:9:      layout_irregular_city, nicolae_gozag_seed_capital,
          biasface_ghost_orc_armoury
D:10:     layout_rooms, david_orc_5, lightli_wizard_tower
D:11:     layout_loops_ring, erik_lair_dragon, trog_ov_bears_minmay
Temple:   mainiacjoe_temple_cubbyholes
Lair:1:   layout_chaotic_city, nicolae_lair_grazing_beasts
          [nicolae_sub_lair_graze_edge, nicolae_sub_lair_graze_edge,
          nicolae_sub_lair_graze_edge, nicolae_sub_lair_graze_edge]
Lair:2:   layout_hall_layers, minmay_shoals_entry_hut,
          guppyfry_snake_entry_garden, ebering_ghost_reflecting_pool,
          chequers_serial_rivers_small_b, serial_bayou_shore_b
Lair:3:   layout_chaotic_city, st_stairs_7, lemuel_fruit_tree,
          infiniplex_staircase_pool_2, grunt_megastairs_4

Skill      XL: |  1  2  3  4  5  6  7  8  9 10 11 12 13 |
---------------+----------------------------------------+-----
Long Blades    | 3 4 5 6 7 9 11 12 14 | 14.0
Dodging        | 1 2 3 4 5 6 8 9 11 13 | 13.5
Fighting       | 4 5 6 7 8 10 13 | 13.8
Invocations    | 1 2 4 5 7 8 10 | 10.8
Shields        | 4 |  4.9
Armour         | |  2.1

Action                     |  1- 3 |  4- 6 |  7- 9 | 10-12 | 13-15 || total
---------------------------+-------+-------+-------+-------+-------++-------
  Melee: Long sword        |    85 |       |       |       |       ||    85
         Short sword       |     7 |   122 |   348 |  1100 |   197 ||  1774
         Tailslap          |       |       |       |       |     3 ||     3
  Throw: Throwing net      |       |       |       |     3 |       ||     3
 Invoke: Heroism           |       |       |       |     2 |     1 ||     3
         Finesse           |       |       |       |     1 |     1 ||     2
  Evoke: Wand              |       |     4 |     2 |     5 |       ||    11
    Use: Scroll            |       |     7 |     2 |     4 |       ||    13
         Potion            |       |       |     3 |       |       ||     3
   Stab: Held in net/web   |       |       |       |     1 |       ||     1
 Armour: Scale mail        |    36 |    35 |    47 |   212 |    62 ||   392
         Leather armour    |       |       |    43 |    88 |       ||   131
  Dodge: Dodged            |    57 |    48 |   193 |   668 |   126 ||  1092
  Block: Buckler           |    20 |    23 |    70 |   265 |       ||   378
         Kite shield       |       |       |       |       |   111 ||   111

Table legend: (Time is in decaauts)
 A = Elapsed time spent in this place.
 B = Non-inter-level travel time spent in this place.
 C = Inter-level travel time spent in this place.
 D = Time resting spent in this place.
 E = Time spent auto-exploring this place.
 F = Levels seen in this place.
 G = Mean time per level.
                   A        B        C        D        E       F      G
               +--------+--------+--------+--------+--------+-----+--------+
         Total |  15383 |  14774 |    609 |   2037 |   9921 |  15 | 1025.5 |
       Dungeon |  11390 |  10920 |    470 |   1360 |   7595 |  11 | 1035.5 |
        Temple |    384 |    290 |     94 |      0 |    286 |   1 |  384.0 |
          Lair |   3608 |   3563 |     45 |    677 |   2040 |   3 | 1202.7 |
               +--------+--------+--------+--------+--------+-----+--------+

Top non-repeatable levels by time:
    D:11: 1783 daAuts
  Lair:1: 1563 daAuts
  Lair:2: 1438 daAuts
    D:10: 1342 daAuts
     D:9: 1304 daAuts
     D:7: 1294 daAuts
     D:4: 1192 daAuts
     D:6: 1082 daAuts
     D:5: 804 daAuts
     D:2: 785 daAuts
     D:3: 631 daAuts
     D:8: 611 daAuts
  Lair:3: 606 daAuts
     D:1: 557 daAuts
  Temple: 384 daAuts
